 Dungeon Crawl Stone Soup version 0.30-a0-948-g4fa250aae5 (webtiles) character file.

Game seed: 3928233479346863319

170300 Jackthecabe the Fighter (level 17, -12/140 HPs)
             Began as a Gnoll Air Elementalist on Mar 26, 2023.
             Was the Champion of Vehumet.
             Mangled by a sea snake (14 damage)
             ... on level 4 of the Shoals on Mar 27, 2023.
             The game lasted 02:02:26 (48972 turns).

Jackthecabe the Fighter (Gnoll Air Elementalist)   Turns: 48972, Time: 02:02:30

Health: -12/140    AC: 28    Str: 10    XL:     17   Next: 99%
Magic:  6/34       EV: 22    Int: 21    God:    Vehumet [******]
Gold:   1971       SH:  0    Dex: 12    Spells: 6/42 levels left

rFire   + + .      SeeInvis .    a - +3 Elemental Staff {rElec rF++ rC++ AC+5}
rCold   + + .      Faith    .    (no shield)
rNeg    . . .      Spirit   .    u - +3 steam dragon scales
rPois   .          Reflect  .    N - +2 hat
rElec   +          Rampage  .    L - +2 cloak
rCorr   .                        y - +2 pair of gloves
Will    ++...                    H - +2 pair of boots {Fly}
Stlth   +++++                    B - amulet of the acrobat
HPRegen 0.43/turn                E - +5 ring of evasion
MPRegen 0.24/turn                w - ring of willpower

@: flying, studying Fighting
A: fangs 1, strong nose, distributed training
a: Renounce Religion


You were on level 4 of the Shoals.
You worshipped Vehumet.
Vehumet was exalted by your worship.
You visited 5 branches of the dungeon, and saw 27 of its levels.
You also visited: Gauntlet and Ice Cave.

You collected 3101 gold pieces.
You spent 1130 gold pieces at shops.


Innate Abilities, Weirdness & Mutations

You have very sharp teeth.
Your uncanny sense of smell can sniff out nearby items.
Your experience applies equally to all skills.


   Skills:
 + Level 14.6 Fighting
 + Level 12.4 Short Blades
 + Level 12.4 Long Blades
 + Level 12.4 Axes
 + Level 12.4 Maces & Flails
 + Level 12.4 Polearms
 + Level 12.4 Staves
 + Level 12.4 Ranged Weapons
 + Level 12.4 Throwing
 + Level 12.4 Armour
 + Level 13.2 Dodging
 + Level 13.1 Stealth
 + Level 12.4 Shields
 + Level 12.4 Unarmed Combat
 + Level 13.3 Spellcasting
 + Level 10.8 Conjurations
 + Level 10.5 Hexes
 + Level 10.5 Summonings
 + Level 10.5 Necromancy
 + Level 10.5 Translocations
 + Level 10.5 Transmutations
 + Level 10.5 Fire Magic
 + Level 10.5 Ice Magic
 + Level 11.8 Air Magic
 + Level 10.5 Earth Magic
 + Level 10.5 Poison Magic
 + Level 13.5 Invocations
 + Level 12.4 Evocations


You had 6 spell levels left.
You knew the following spells:

 Your Spells              Type           Power      Damage    Failure   Level
a - Airstrike             Air            38%        2d(6-22)  1%          4
c - Ozocubu's Refrigerat  Ice            36%        4d15      13%         7
f - Freezing Cloud        Conj/Ice/Air   47%        6-21      1%          5
i - Swiftness             Air            77%        N/A       1%          3
o - Olgreb's Toxic Radia  Pois           55%        N/A       1%          4
p - Spellforged Servitor  Conj/Summ      28%        N/A       13%         7
s - Iron Shot             Conj/Erth      36%        9d7       2%          6

Your spell library contained the following spells:

 Spells                   Type           Power      Damage    Failure   Level
 Irradiate                Conj/Tmut      28%        3d21      1%          5
 Beastly Appendage        Tmut           100%       N/A       1%          1
 Freeze                   Ice            100%       1d10      1%          1
 Shock                    Conj/Air       100%       1d9       1%          1
 Cigotuvi's Dreadful Rot  Necr/Pois/Air  100%       N/A       1%          2
 Ensorcelled Hibernation  Hex/Ice        100%       N/A       1%          2
 Poisonous Vapours        Pois/Air       100%       N/A       1%          2
 Static Discharge         Conj/Air       100%       2-7/arc   1%          2
 Wereblood                Tmut           55%        N/A       1%          2
 Frozen Ramparts          Ice            100%       1d16      1%          3
 Gell's Gravitas          Tloc           55%        N/A       1%          3
 Hailstorm                Conj/Ice       73%        3d15      1%          3
 Mephitic Cloud           Conj/Pois/Air  74%        N/A       1%          3
 Spider Form              Tmut/Pois      55%        N/A       1%          3
 Teleport Other           Tloc           55%        N/A       1%          3
 Vhi's Electric Charge    Tloc/Air       100%       N/A       1%          3
 Anguish                  Hex/Necr       27%        N/A       1%          4
 Animate Armour           Summ/Erth      100%       N/A       1%          4
 Animate Dead             Necr           55%        N/A       1%          4
 Dispel Undead            Necr           55%        3d20      1%          4
 Ice Form                 Ice/Tmut       73%        N/A       1%          4
 Petrify                  Tmut/Erth      73%        N/A       1%          4
 Summon Ice Beast         Ice/Summ       73%        N/A       1%          4
 Alistair's Intoxication  Tmut/Pois      36%        N/A       1%          5
 Arcjolt                  Conj/Air       37%        1d47      1%          5
 Blade Hands              Tmut           27%        N/A       1%          5
 Borgnjor's Vile Clutch   Necr/Erth      36%        N/A       1%          5
 Metabolic Englaciation   Hex/Ice        36%        N/A       1%          5
 Summon Forest            Summ/Tloc      27%        N/A       1%          5
 Summon Mana Viper        Hex/Summ       55%        N/A       1%          5
 Eringya's Noxious Bog    Tmut/Pois      27%        N/A       2%          6
 Death Channel            Necr           27%        N/A       9%          6
 Dispersal                Tloc           27%        N/A       9%          6
 Statue Form              Tmut/Erth      48%        N/A       9%          6
 Summon Cactus Giant      Summ           27%        N/A       9%          6
 Enfeeble                 Hex            27%        N/A       45%         7
 Haunt                    Necr/Summ      27%        N/A       45%         7
 Malign Gateway           Summ/Tloc      27%        N/A       45%         7
 Maxwell's Capacitive Co  Air            38%        ∞         50%         8
 Ignition                 Fire           36%        3d11      65%         8
 Infestation              Necr           27%        N/A       98%         8
 Summon Horrible Things   Summ           27%        N/A       98%         8

Inventory:

Hand Weapons
 a - the +3 Elemental Staff (weapon) {rElec rF++ rC++ AC+5}
   (You acquired it on level 3 of the Lair of Beasts)

   It enhances your fire, ice, earth and air magic.
   AC:        It affects your AC (+5).
   rF:        It greatly protects you from fire.
   rC:        It greatly protects you from cold.
   rElec:     It insulates you from electricity.
Missiles
 q - 15 throwing nets {=f}
Armour
 u - +3 steam dragon scales (worn)
 y - a +2 pair of gloves (worn)
 H - a +2 pair of boots of flying (worn)
 L - a +2 cloak (worn)
 N - a +2 hat (worn)
Magical Staves
 O - the staff of air "Yfriohuth" {rElec rPois rF+ Str+3 Dex+3, !a}
   (You found it on level 5 of the Lair of Beasts)

   [staff of air]

   Base accuracy: +5 Base damage: 5 Base attack delay: 1.2 This weapon's minimum
   attack delay (0.6) is reached at skill level 12.
   Str:       It affects your strength (+3).
   Dex:       It affects your dexterity (+3).
   rF:        It protects you from fire.
   rElec:     It insulates you from electricity.
   rPois:     It protects you from poison.
   It falls into the 'Staves' category.
   It is a one-handed weapon.
Jewellery
 d - the ring "Etovol" {rC+ Dex+4}
   (You took it off a frost giant in an ice cave)

   [ring of protection from cold]

   Dex:       It affects your dexterity (+4).
   rC:        It protects you from cold.
 t - the ring "Sacorittef" {rElec rN+ SInv}
   (You found it in a Gauntlet)

   [ring of see invisible]

   rElec:     It insulates you from electricity.
   rN:        It protects you from negative energy.
   SInv:      It lets you see invisible.
 w - a ring of willpower (right hand)
 B - an amulet of the acrobat (around neck)
 E - a +5 ring of evasion (left hand)
 T - a +4 ring of protection
 W - a ring of willpower
 Z - a ring of wizardry
Wands
 c - a wand of digging (11)
 g - a wand of flame (11)
 o - a wand of iceblast (18)
 r - a wand of polymorph (18)
 F - a wand of paralysis (19)
Scrolls
 m - 2 scrolls of fog
 v - a scroll of blinking
 z - 2 scrolls of immolation
 G - 4 scrolls of vulnerability
 I - 2 scrolls of silence {!r}
 J - 5 scrolls of poison
 M - 6 scrolls of teleportation {@r2}
 Q - 2 scrolls of fear
 R - 2 scrolls of magic mapping
 U - a scroll of enchant armour
 Y - a scroll of butterflies
Potions
 b - 5 potions of magic
 e - 5 potions of mutation
 f - a potion of invisibility
 i - 4 potions of cancellation
 j - 3 potions of ambrosia
 k - a potion of haste {@q3}
 l - 3 potions of flight
 n - 16 potions of curing {@q1}
 p - 5 potions of lignification
 s - 2 potions of resistance
 x - 3 potions of brilliance
 A - a potion of heal wounds {@q2}
 P - 4 potions of might
 X - 8 potions of attraction
Miscellaneous
 h - a box of beasts
 C - a lightning rod (4/4)
 D - a phial of floods
 S - a tin of tremorstones (2/2)

Dungeon Overview and Level Annotations

Branches:
Dungeon (15/15)            Temple (1/1) D:4            Lair (5/5) D:8
 Shoals (4/4) Lair:2        Snake (0/4) Lair:2        Slime (0/5) Lair:4
    Orc (2/2) D:11            Elf (0/3) Orc:2        Vaults (0/5) D:13
 Depths (0/4) D:15          IceCv (visited)         Gauntlet (visited)

Altars:
Cheibriados
Elyvilon
Gozag
Hepliaklqana
Okawaru
Qazlal
Ru
Trog
Uskayaw
Vehumet
Wu Jian
Xom
Yredelemnul
Zin
Jiyva
Lugonu

Shops:
D:6 [   D:8 (   D:15 **   Orc:1 *   Orc:2 :[*(   Shoals:1 (   Shoals:2 (

Portals:
Abyss: Lair:5

Annotations:
Lair:5 3 runed translucent doors, Bedaoseg's ghost, journeyman SpHu; Vothry's ghost, journeyman FoFi
Shoals:4 Polyphemus

≈≈≈~~~~..PPP...#........m▒▒▒▒▒▒▒▒
~~≈≈≈~~~..SP.P............)≈≈...▒
~~~~~~P~........P......▒.).≈≈...▒
~~~~~~~~..m.P........m.▒))▒▒▒▒).▒
...~~~~~........P......▒.)).~~.)m
#....~~P....m..........▒....~.~..
#...~~~~......§§§§§§§.~▒..▒..▒..▒
....~~~~.......§§§§§.~~▒≈≈▒≈≈▒≈≈▒
#....~~~.......§@S§§.~~▒≈≈▒≈≈▒≈≈▒
#~.....~~~~~#######§~~~▒▒▒▒▒▒▒▒▒▒
......~~~...# #~~~~≈≈≈
.~~~~~~~~..#. ##~~≈≈≈≈≈
...~~~~~~..# #~~≈≈≈≈≈≈ ........
##~≈≈≈≈≈≈ .~...... ∆ ~≈≈≈≈≈≈
~~~~.... ∆ ~≈≈≈≈ ~~~~....


You could see a sea snake, a merfolk aquamancer and a merfolk.


Message History

The merfolk javelineer throws a javelin.
The javelin pierces through you!!
* * * LOW HITPOINT WARNING * * *
You feel much better.
The merfolk javelineer throws a javelin.
The javelin completely misses you. The sea snake completely misses you.
As you read the scroll of fog, it crumbles to dust.
The scroll dissolves into smoke.
The sea snake barely misses you. The sea snake completely misses you.
The merfolk aquamancer shouts!
The merfolk javelineer throws a javelin.
The javelin completely misses you.
A merfolk siren comes into view. It is wielding a +0 spear.
The sea snake bites you.
* * * LOW HITPOINT WARNING * * *
The sea snake completely misses you.
A merfolk and a sea snake come into view.
The merfolk aquamancer gestures at you while chanting.
The torrent of water hits you!!
* * * LOW HITPOINT WARNING * * *
The wave splashes down.
You hear a shout! x2; You hear an angry hiss.
You hear a shout! x3
You feel much better. The sea snake bites you!
* * * LOW HITPOINT WARNING * * *
The merfolk aquamancer casts a spell at you.
The shard of ice hits you!! You partially resist.
* * * LOW HITPOINT WARNING * * *
The sea snake bites you!
You die...

Skill      XL: |  1  2  3  4  5  6  7  8  9 10 11 12 13 14 15 16 17 |
---------------+----------------------------------------------------+-----
Conjurations   | 2 3 4 5 6 7 8 9 10 | 10.8
Spellcasting   | 5 6 7 8 9 10 11 12 13 | 13.3
Invocations    | 1 2 3 4 5 6 7 8 9 10 11 12 13 | 13.5
Fighting       | 1 2 3 4 5 6 7 8 9 10 12 13 14 | 14.6
Short Blades   | 1 2 3 4 5 6 7 8 9 10 11 12 | 12.4
Long Blades    | 1 2 3 4 5 6 7 8 9 10 11 12 | 12.4
Axes           | 1 2 3 4 5 6 7 8 9 10 11 12 | 12.4
Maces & Flails | 1 2 3 4 5 6 7 8 9 10 11 12 | 12.4
Polearms       | 1 2 3 4 5 6 7 8 9 10 11 12 | 12.4
Staves         | 1 2 3 4 5 6 7 8 9 10 11 12 | 12.4
Ranged Weapons | 1 2 3 4 5 6 7 8 9 10 11 12 | 12.4
Throwing       | 1 2 3 4 5 6 7 8 9 10 11 12 | 12.4
Armour         | 1 2 3 4 5 6 7 8 9 10 11 12 | 12.4
Shields        | 1 2 3 4 5 6 7 8 9 10 11 12 | 12.4
Unarmed Combat | 1 2 3 4 5 6 7 8 9 10 11 12 | 12.4
Evocations     | 1 2 3 4 5 6 7 8 9 10 11 12 | 12.4
Hexes          | 1 2 3 4 5 6 7 8 9 10 | 10.5
Summonings     | 1 2 3 4 5 6 7 8 9 10 | 10.5
Necromancy     | 1 2 3 4 5 6 7 8 9 10 | 10.5
Translocations | 1 2 3 4 5 6 7 8 9 10 | 10.5
Transmutations | 1 2 3 4 5 6 7 8 9 10 | 10.5
Fire Magic     | 1 2 3 4 5 6 7 8 9 10 | 10.5
Ice Magic      | 1 2 3 4 5 6 7 8 9 10 | 10.5
Earth Magic    | 1 2 3 4 5 6 7 8 9 10 | 10.5
Poison Magic   | 1 2 3 4 5 6 7 8 9 10 | 10.5
Dodging        | 5 6 7 8 9 10 11 12 13 | 13.2
Stealth        | 5 6 7 8 9 10 11 12 13 | 13.1
Air Magic      | 6 7 8 9 10 11 | 11.8

Action                     |  1- 3 |  4- 6 |  7- 9 | 10-12 | 13-15 | 16-18 || total
---------------------------+-------+-------+-------+-------+-------+-------++-------
  Melee: Trident           |       |       |    25 |   163 |    42 |       ||   230
         Bite              |       |       |     4 |    15 |    37 |    30 ||    86
         Punch             |       |       |       |     7 |    18 |    23 ||    48
         Staff             |       |       |       |       |   226 |   212 ||   438
  Throw: Dart              |       |     5 |       |       |     1 |       ||     6
         Javelin           |       |     2 |     1 |       |       |       ||     3
         Throwing net      |       |       |       |       |       |     3 ||     3
   Cast: Shock             |    51 |   134 |   244 |   138 |    67 |     2 ||   636
         Static Discharge  |     1 |    16 |    15 |     9 |       |       ||    41
         Airstrike         |       |       |    33 |   187 |   209 |    24 ||   453
         Olgreb's Toxic Ra |       |       |     1 |    30 |    48 |    16 ||    95
         Swiftness         |       |       |       |     1 |       |     1 ||     2
         Freezing Cloud    |       |       |       |     6 |    14 |     5 ||    25
         Iron Shot         |       |       |       |       |   163 |   282 ||   445
         Ozocubu's Refrige |       |       |       |       |    15 |    57 ||    72
         Spellforged Servi |       |       |       |       |       |     3 ||     3
  Evoke: Wand              |       |       |       |     7 |    29 |     8 ||    44
         Lightning rod     |       |       |       |       |     2 |       ||     2
    Use: Scroll            |       |       |     8 |     8 |    13 |    11 ||    40
         Potion            |       |       |       |     1 |     1 |     9 ||    11
   Stab: Distracted        |       |       |     1 |     1 |       |     1 ||     3
         Sleeping          |       |       |       |     1 |       |     2 ||     3
         Paralysed         |       |       |       |     4 |       |       ||     4
         Petrified         |       |       |       |       |       |     1 ||     1
 Armour: Robe              |     4 |     4 |    15 |     2 |       |       ||    25
         Steam dragon scal |       |       |       |    29 |    96 |   118 ||   243
  Dodge: Dodged            |    10 |    23 |    55 |   144 |   293 |   354 ||   879

Levels and vault maps discovered:
D:1:      dpeg_arrival_round_c, layout_basic,
          shapermc_ecumenical_altar_notcrosses
D:2:      layout_loops_corners, basic_altar
D:3:      layout_loops_ring, trog_hazing_becter, gammafunk_ghost_smash,
          nrook_mini_vaults
D:4:      layout_loops_cross, grunt_gozag_statues, minmay_temple_entry_junction,
          gammafunk_ghost_split, st_stairs_5, uniq_sigmund, uniq_ijyb
D:5:      layout_loops_ring, kennysheep_small_square
D:6:      layout_cave_pools, pdpol_wu_jian_five_deadly_venoms,
          nicolae_qazlal_eye_of_the_storm, serial_gnoll_camp,
          gnoll_camp_mini_hut, gnoll_camp_huts_moat, gnoll_camp_mini_hut,
          gnoll_camp_mini_hut, gnoll_camp_mini_shop, hangedman_decor_slide_cut,
          uniq_pikel
D:7:      layout_cave_pools, lemuel_doored_altar, kennysheep_decorative_pillar,
          corexii_leaking_fountain, kennysheep_nondescript, uniq_menkaure,
          uniq_duvessa, uniq_joseph
D:8:      layout_cave_pods, david_lair_shrubbed, serial_shops, shop
D:9:      layout_rooms, nicolae_diode_basic, uniq_maggie
D:10:     layout_layer_cave, cheibrodos_worm_habitat, ebering_ghost_xom,
          minivault_16
D:11:     nzn_winding_woodlands_cross [nzn_winding_woodlands_5x15_split_checker,
          nzn_winding_woodlands_5x15_garden, nzn_winding_woodlands_5x15_eye,
          nzn_winding_woodlands_5x15_longhouse,
          nzn_winding_woodlands_15x15_boxy_spiral], layout_loops_corners,
          hiddenorc1_lemuel, hangedman_feature_mirror, uniq_lodul
D:12:     layout_irregular_city
D:13:     fort_yaktaur, layout_rooms, grunt_vaults_entry_fortified,
          gauntlet_entry_generic
D:14:     layout_cave_pools, nicolae_hepliaklqana_hazy_memory, uniq_nessos
D:15:     hangedman_depths_entry_try_elsewhere_first, layout_rooms,
          nicolae_vehumet_radiance, nicolae_specific_store
Temple:   eino_temple_rhombus
Lair:1:   beast_lair_carwin_large_1, layout_big_grid, minivault_26,
          disabler_island, serial_bayou_shore_b, grunt_megastairs_3,
          uniq_amaemon
Lair:2:   layout_cellular_growth, minmay_shoals_entry_hut,
          nicolae_snake_entry_squirm, small_statue_intersection,
          beast_lair_carwin_2
Lair:3:   layout_cave_pods, lemuel_fruit_fields, grunt_megastairs_5
Lair:4:   layout_cave_pods, minmay_slime_entry_oklob_open,
          kennysheep_basilisk_garden
Lair:5:   hellmonk_lair_end_abyssal_woods, layout_long_grid,
          gammafunk_ghost_cemetery, lookout_lair_type, uniq_josephine
Shoals:1: layout_shoals, portal_ice_cave_entry_ugly_swarm, serial_shops,
          nicolae_shop_stone
Shoals:2: layout_shoals, serial_shops, shop
Shoals:3: layout_shoals, nicolae_shoals_so_close, uniq_ilsuiw
Shoals:4: shoals_end_grunt_ice, layout_shoals, nicolae_shoals_water_booths,
          uniq_polyphemus
Orc:1:    layout_diamond_mine, basic_altar, minmay_shop_mass,
          statue_in_the_mist_lemuel, kennysheep_orc_chapel, uniq_erolcha,
          uniq_harold
Orc:2:    grunt_orc_cross, layout_caves, basic_altar, uniq_rupert, uniq_urug

Notes
Turn   | Place    | Note
-------+----------+-------------------------------------------
     0 | D:1      | Jackthecabe the Gnoll Air Elementalist began the quest for
                  | the Orb.
     0 | D:1      | Reached XP level 1. HP: 13/13 MP: 6/6
    92 | D:1      | Reached skill level 2 in Conjurations
   185 | D:1      | Reached XP level 2. HP: 19/19 MP: 5/7
   268 | D:1      | Found a faded altar of an unknown god.
   505 | D:1      | Reached skill level 5 in Spellcasting
   505 | D:1      | Reached XP level 3. HP: 22/25 MP: 0/9
   912 | D:2      | Learned a level 2 spell: Static Discharge
   988 | D:2      | Reached skill level 1 in Invocations
  1099 | D:2      | Reached skill level 1 in Fighting
  1099 | D:2      | Reached skill level 1 in Short Blades
  1099 | D:2      | Reached skill level 1 in Long Blades
  1099 | D:2      | Reached skill level 1 in Axes
  1099 | D:2      | Reached skill level 1 in Maces & Flails
  1099 | D:2      | Reached skill level 1 in Polearms
  1099 | D:2      | Reached skill level 1 in Staves
  1099 | D:2      | Reached skill level 1 in Ranged Weapons
  1099 | D:2      | Reached skill level 1 in Throwing
  1099 | D:2      | Reached skill level 1 in Armour
  1099 | D:2      | Reached skill level 1 in Shields
  1099 | D:2      | Reached skill level 1 in Unarmed Combat
  1099 | D:2      | Reached skill level 1 in Evocations
  1211 | D:2      | Reached XP level 4. HP: 32/32 MP: 7/11
  1282 | D:2      | Found a basalt altar of Yredelemnul.
  1977 | D:3      | Learned a level 4 spell: Airstrike
  2017 | D:3      | Reached skill level 1 in Hexes
  2017 | D:3      | Reached skill level 1 in Summonings
  2017 | D:3      | Reached skill level 1 in Necromancy
  2017 | D:3      | Reached skill level 1 in Translocations
  2017 | D:3      | Reached skill level 1 in Transmutations
  2017 | D:3      | Reached skill level 1 in Fire Magic
  2017 | D:3      | Reached skill level 1 in Ice Magic
  2017 | D:3      | Reached skill level 1 in Earth Magic
  2017 | D:3      | Reached skill level 1 in Poison Magic
  2377 | D:3      | Reached XP level 5. HP: 37/37 MP: 7/12
  2470 | D:3      | Found a bloodstained altar of Trog.
  2790 | D:3      | Found a transporter.
  2791 | D:3      | Noticed juan097's ghost (weakling VSBr)
  2792 | D:3      | Found a transporter.
  2792 | D:3      | Identified the +1 dire flail of Evolution {drain, Dex+5}
  2792 | D:3      | Noticed an ogre
  2792 | D:3      | Noticed an ogre
  2797 | D:3      | Noticed an ogre
  2942 | D:4      | Found an opulent altar of Gozag.
  3044 | D:4      | Noticed Ijyb
  3060 | D:4      | Killed Ijyb
  3172 | D:4      | Reached skill level 2 in Invocations
  3283 | D:4      | Found a runed translucent gate.
  3283 | D:4      | Found a runed translucent gate.
  3285 | D:4      | Found a runed translucent gate.
  3290 | D:4      | Noticed greasedhog's ghost (amateur MfFi)
  3478 | D:4      | Reached XP level 6. HP: 44/44 MP: 6/13
  3700 | D:4      | Reached skill level 2 in Fighting
  3700 | D:4      | Reached skill level 2 in Short Blades
  3700 | D:4      | Reached skill level 2 in Long Blades
  3700 | D:4      | Reached skill level 2 in Axes
  3700 | D:4      | Reached skill level 2 in Maces & Flails
  3700 | D:4      | Reached skill level 2 in Polearms
  3700 | D:4      | Reached skill level 2 in Staves
  3700 | D:4      | Reached skill level 2 in Ranged Weapons
  3700 | D:4      | Reached skill level 2 in Throwing
  3700 | D:4      | Reached skill level 2 in Armour
  3700 | D:4      | Reached skill level 5 in Dodging
  3700 | D:4      | Reached skill level 2 in Shields
  3700 | D:4      | Reached skill level 2 in Unarmed Combat
  3700 | D:4      | Reached skill level 2 in Evocations
  3834 | D:4      | Found a staircase to the Ecumenical Temple.
  3847 | Temple   | Entered the Ecumenical Temple
  3853 | Temple   | Became a worshipper of Vehumet
  3955 | D:4      | Noticed Sigmund
  4098 | D:5      | Entered Level 5 of the Dungeon
  4624 | D:5      | Reached XP level 7. HP: 38/51 MP: 4/15
  4627 | D:5      | Reached skill level 2 in Hexes
  4627 | D:5      | Reached skill level 2 in Summonings
  4627 | D:5      | Reached skill level 2 in Necromancy
  4627 | D:5      | Reached skill level 2 in Translocations
  4627 | D:5      | Reached skill level 2 in Transmutations
  4627 | D:5      | Reached skill level 2 in Fire Magic
  4627 | D:5      | Reached skill level 2 in Ice Magic
  4627 | D:5      | Reached skill level 2 in Earth Magic
  4627 | D:5      | Reached skill level 2 in Poison Magic
  4839 | D:5      | Reached skill level 3 in Conjurations
  4922 | D:5      | Reached skill level 5 in Stealth
  4922 | D:5      | Reached skill level 3 in Invocations
  5592 | D:6      | Found Zodotrif's Armour Shoppe.
  5801 | D:6      | Reached skill level 6 in Air Magic
  5917 | D:6      | Reached skill level 3 in Fighting
  5917 | D:6      | Reached skill level 3 in Short Blades
  5917 | D:6      | Reached skill level 3 in Long Blades
  5917 | D:6      | Reached skill level 3 in Axes
  5917 | D:6      | Reached skill level 3 in Maces & Flails
  5917 | D:6      | Reached skill level 3 in Polearms
  5917 | D:6      | Reached skill level 3 in Staves
  5917 | D:6      | Reached skill level 3 in Ranged Weapons
  5917 | D:6      | Reached skill level 3 in Throwing
  5917 | D:6      | Reached skill level 3 in Armour
  5917 | D:6      | Reached skill level 3 in Shields
  5917 | D:6      | Reached skill level 3 in Unarmed Combat
  5917 | D:6      | Reached skill level 3 in Evocations
  5917 | D:6      | Reached XP level 8. HP: 36/58 MP: 5/16
  5921 | D:6      | Learned a level 3 spell: Swiftness
  6130 | D:6      | Reached skill level 6 in Spellcasting
  6316 | D:6      | Learned a level 4 spell: Olgreb's Toxic Radiance
  6318 | D:6      | Reached * piety under Vehumet
  6318 | D:6      | Offered knowledge of Magic Dart by Vehumet.
  6900 | D:6      | Reached skill level 3 in Hexes
  6900 | D:6      | Reached skill level 3 in Summonings
  6900 | D:6      | Reached skill level 3 in Necromancy
  6900 | D:6      | Reached skill level 3 in Translocations
  6900 | D:6      | Reached skill level 3 in Transmutations
  6900 | D:6      | Reached skill level 3 in Fire Magic
  6900 | D:6      | Reached skill level 3 in Ice Magic
  6900 | D:6      | Reached skill level 3 in Earth Magic
  6900 | D:6      | Reached skill level 3 in Poison Magic
  6900 | D:6      | Reached skill level 4 in Invocations
  7145 | D:6      | Reached skill level 6 in Dodging
  7233 | D:6      | Found a stormy altar of Qazlal.
  7312 | D:6      | Noticed Pikel
  7315 | D:6      | Killed Pikel
  7316 | D:6      | Reached skill level 4 in Fighting
  7316 | D:6      | Reached skill level 4 in Short Blades
  7316 | D:6      | Reached skill level 4 in Long Blades
  7316 | D:6      | Reached skill level 4 in Axes
  7316 | D:6      | Reached skill level 4 in Maces & Flails
  7316 | D:6      | Reached skill level 4 in Polearms
  7316 | D:6      | Reached skill level 4 in Staves
  7316 | D:6      | Reached skill level 4 in Ranged Weapons
  7316 | D:6      | Reached skill level 4 in Throwing
  7316 | D:6      | Reached skill level 4 in Armour
  7316 | D:6      | Reached skill level 6 in Stealth
  7316 | D:6      | Reached skill level 4 in Shields
  7316 | D:6      | Reached skill level 4 in Unarmed Combat
  7316 | D:6      | Reached skill level 4 in Conjurations
  7316 | D:6      | Reached skill level 4 in Evocations
  7316 | D:6      | Reached XP level 9. HP: 65/65 MP: 5/18
  7437 | D:6      | Found an ornate altar of the Wu Jian Council.
  7679 | D:7      | Identified the +7 trident "String" {spect, rElec rF+ Dex+5}
  7703 | D:7      | Noticed Joseph
  7705 | D:7      | Noticed Dowan
  8327 | D:7      | Noticed Menkaure
  8332 | D:7      | Killed Menkaure
  8332 | D:7      | Offered knowledge of Momentum Strike by Vehumet.
  8360 | D:7      | Reached ** piety under Vehumet
  8459 | D:7      | Killed Joseph
  8460 | D:7      | Reached skill level 5 in Invocations
  8593 | D:7      | Reached skill level 7 in Spellcasting
  8725 | D:7      | Found a white marble altar of Elyvilon.
  8736 | D:7      | Reached skill level 4 in Hexes
  8736 | D:7      | Reached skill level 4 in Summonings
  8736 | D:7      | Reached skill level 4 in Necromancy
  8736 | D:7      | Reached skill level 4 in Translocations
  8736 | D:7      | Reached skill level 4 in Transmutations
  8736 | D:7      | Reached skill level 4 in Fire Magic
  8736 | D:7      | Reached skill level 4 in Ice Magic
  8736 | D:7      | Reached skill level 4 in Earth Magic
  8736 | D:7      | Reached skill level 4 in Poison Magic
  8836 | D:7      | Noticed Duvessa
  8841 | D:7      | Killed Duvessa
  8845 | D:7      | Killed Dowan
  9118 | D:8      | Reached skill level 5 in Fighting
  9118 | D:8      | Reached skill level 5 in Short Blades
  9118 | D:8      | Reached skill level 5 in Long Blades
  9118 | D:8      | Reached skill level 5 in Axes
  9118 | D:8      | Reached skill level 5 in Maces & Flails
  9118 | D:8      | Reached skill level 5 in Polearms
  9118 | D:8      | Reached skill level 5 in Staves
  9118 | D:8      | Reached skill level 5 in Ranged Weapons
  9118 | D:8      | Reached skill level 5 in Throwing
  9118 | D:8      | Reached skill level 5 in Armour
  9118 | D:8      | Reached skill level 5 in Shields
  9118 | D:8      | Reached skill level 5 in Unarmed Combat
  9118 | D:8      | Reached skill level 5 in Evocations
  9118 | D:8      | Reached XP level 10. HP: 65/74 MP: 18/20
  9241 | D:8      | Noticed a two-headed ogre
  9253 | D:8      | Killed a two-headed ogre
  9254 | D:8      | Reached skill level 7 in Dodging
  9254 | D:8      | Reached skill level 7 in Air Magic
  9409 | D:8      | Found Horghoja's Weapon Shoppe.
  9600 | D:8      | Found a staircase to the Lair.
  9792 | D:8      | Reached skill level 5 in Conjurations
  9910 | D:7      | Reached skill level 6 in Invocations
 10564 | D:8      | Reached skill level 7 in Stealth
 10717 | D:6      | Bought a +2 cloak for 181 gold pieces
 10772 | D:9      | Found a transporter.
 10801 | D:9      | Offered knowledge of Scorch by Vehumet.
 10808 | D:9      | Noticed Maggie
 11020 | D:9      | Killed Maggie
 11081 | D:9      | Noticed an unseen horror
 11186 | D:9      | Reached *** piety under Vehumet
 11279 | D:9      | Killed an unseen horror
 11918 | D:10     | Entered Level 10 of the Dungeon
 11969 | D:10     | Reached skill level 6 in Fighting
 11969 | D:10     | Reached skill level 6 in Short Blades
 11969 | D:10     | Reached skill level 6 in Long Blades
 11969 | D:10     | Reached skill level 6 in Axes
 11969 | D:10     | Reached skill level 6 in Maces & Flails
 11969 | D:10     | Reached skill level 6 in Polearms
 11969 | D:10     | Reached skill level 6 in Staves
 11969 | D:10     | Reached skill level 6 in Ranged Weapons
 11969 | D:10     | Reached skill level 6 in Throwing
 11969 | D:10     | Reached skill level 6 in Armour
 11969 | D:10     | Reached skill level 6 in Shields
 11969 | D:10     | Reached skill level 6 in Unarmed Combat
 11969 | D:10     | Reached skill level 6 in Evocations
 11970 | D:10     | Reached skill level 5 in Hexes
 11970 | D:10     | Reached skill level 5 in Summonings
 11970 | D:10     | Reached skill level 5 in Necromancy
 11970 | D:10     | Reached skill level 5 in Translocations
 11970 | D:10     | Reached skill level 5 in Transmutations
 11970 | D:10     | Reached skill level 5 in Fire Magic
 11970 | D:10     | Reached skill level 5 in Ice Magic
 11970 | D:10     | Reached skill level 5 in Earth Magic
 11970 | D:10     | Reached skill level 5 in Poison Magic
 11970 | D:10     | Reached XP level 11. HP: 76/81 MP: 7/22
 12023 | D:10     | Offered knowledge of Flame Wave by Vehumet.
 12268 | D:10     | Reached skill level 8 in Spellcasting
 12471 | D:10     | Noticed a two-headed ogre
 12516 | D:10     | Killed a two-headed ogre
 12572 | D:10     | Found a snail-covered altar of Cheibriados.
 12653 | D:10     | Found a runed translucent door.
 12654 | D:10     | Found a shimmering altar of Xom.
 12654 | D:10     | Noticed oldriver's ghost (novice DrIE)
 12654 | D:10     | Noticed a +0 broad axe of chaos
 12941 | D:10     | Reached skill level 7 in Invocations
 13040 | D:10     | Noticed an orange crystal statue
 13167 | D:11     | Noticed Lodul
 13172 | D:10     | Reached skill level 8 in Dodging
 13369 | D:11     | Noticed a boulder beetle
 13383 | D:11     | Killed a boulder beetle
 13569 | D:11     | Reached **** piety under Vehumet
 13639 | D:11     | Offered knowledge of Inner Flame by Vehumet.
 13957 | D:11     | Found a staircase to the Orcish Mines.
 13986 | D:11     | Reached skill level 6 in Conjurations
 13992 | D:11     | Reached skill level 8 in Stealth
 14401 | D:11     | Found a shimmering altar of Xom.
 14507 | D:11     | Found an iron altar of Okawaru.
 14509 | D:11     | Reached skill level 8 in Air Magic
 14888 | D:11     | Reached skill level 7 in Fighting
 14888 | D:11     | Reached skill level 7 in Short Blades
 14888 | D:11     | Reached skill level 7 in Long Blades
 14888 | D:11     | Reached skill level 7 in Axes
 14888 | D:11     | Reached skill level 7 in Maces & Flails
 14888 | D:11     | Reached skill level 7 in Polearms
 14888 | D:11     | Reached skill level 7 in Staves
 14888 | D:11     | Reached skill level 7 in Ranged Weapons
 14888 | D:11     | Reached skill level 7 in Throwing
 14888 | D:11     | Reached skill level 7 in Armour
 14888 | D:11     | Reached skill level 7 in Shields
 14888 | D:11     | Reached skill level 7 in Unarmed Combat
 14888 | D:11     | Reached skill level 7 in Evocations
 15099 | D:11     | Noticed a cyclops
 15286 | D:11     | Killed a cyclops
 15292 | D:11     | Reached XP level 12. HP: 45/91 MP: 16/24
 15481 | D:11     | Reached skill level 6 in Hexes
 15481 | D:11     | Reached skill level 6 in Summonings
 15481 | D:11     | Reached skill level 6 in Necromancy
 15481 | D:11     | Reached skill level 6 in Translocations
 15481 | D:11     | Reached skill level 6 in Transmutations
 15481 | D:11     | Reached skill level 6 in Fire Magic
 15481 | D:11     | Reached skill level 6 in Ice Magic
 15481 | D:11     | Reached skill level 6 in Earth Magic
 15481 | D:11     | Reached skill level 6 in Poison Magic
 15648 | D:11     | Reached skill level 8 in Invocations
 15839 | D:11     | Noticed an ettin
 15867 | D:11     | Killed an ettin
 15868 | D:11     | Reached skill level 9 in Spellcasting
 16351 | D:11     | Identified the +6 longbow of Recklessness {heavy, rN+ rCorr
                  | Int+4 Dex+4}
 16672 | Lair:1   | Entered Level 1 of the Lair of Beasts
 17590 | Lair:1   | Identified the +1 long sword of Wetwog {freeze, rPois}
 17618 | Lair:1   | Noticed Amaemon
 17632 | Lair:1   | Killed Amaemon
 17633 | Lair:1   | Reached skill level 9 in Dodging
 18229 | Lair:1   | Reached ***** piety under Vehumet
 18273 | Lair:1   | Offered knowledge of Freezing Cloud by Vehumet.
 18280 | Lair:1   | Learned a level 5 spell: Freezing Cloud
 18757 | Lair:2   | Noticed a death yak
 18757 | Lair:2   | Noticed a death yak
 18757 | Lair:2   | Noticed a death yak
 18826 | Lair:2   | Reached skill level 9 in Stealth
 18835 | Lair:2   | Reached skill level 7 in Conjurations
 19076 | Lair:2   | Reached skill level 8 in Fighting
 19076 | Lair:2   | Reached skill level 8 in Short Blades
 19076 | Lair:2   | Reached skill level 8 in Long Blades
 19076 | Lair:2   | Reached skill level 8 in Axes
 19076 | Lair:2   | Reached skill level 8 in Maces & Flails
 19076 | Lair:2   | Reached skill level 8 in Polearms
 19076 | Lair:2   | Reached skill level 8 in Staves
 19076 | Lair:2   | Reached skill level 8 in Ranged Weapons
 19076 | Lair:2   | Reached skill level 8 in Throwing
 19076 | Lair:2   | Reached skill level 8 in Armour
 19076 | Lair:2   | Reached skill level 8 in Shields
 19076 | Lair:2   | Reached skill level 8 in Unarmed Combat
 19076 | Lair:2   | Reached skill level 8 in Evocations
 19124 | Lair:2   | Found a staircase to the Snake Pit.
 19301 | Lair:2   | Reached XP level 13. HP: 94/98 MP: 15/26
 19403 | Lair:2   | Found a staircase to the Shoals.
 19410 | Lair:2   | Reached skill level 9 in Invocations
 19931 | Lair:2   | Reached skill level 7 in Hexes
 19931 | Lair:2   | Reached skill level 7 in Summonings
 19931 | Lair:2   | Reached skill level 7 in Necromancy
 19931 | Lair:2   | Reached skill level 7 in Translocations
 19931 | Lair:2   | Reached skill level 7 in Transmutations
 19931 | Lair:2   | Reached skill level 7 in Fire Magic
 19931 | Lair:2   | Reached skill level 7 in Ice Magic
 19931 | Lair:2   | Reached skill level 9 in Air Magic
 19931 | Lair:2   | Reached skill level 7 in Earth Magic
 19931 | Lair:2   | Reached skill level 7 in Poison Magic
 20869 | Lair:3   | You fall into a shaft and drop 1 floor!
 20932 | Lair:4   | Reached skill level 10 in Spellcasting
 22054 | Lair:3   | Identified a scroll of acquirement
 22063 | Lair:3   | Acquired the +3 Elemental Staff {rElec rF++ rC++ AC+5}
 22063 | Lair:3   | Found the +3 Elemental Staff {rElec rF++ rC++ AC+5}
 22104 | Lair:4   | Reached skill level 10 in Dodging
 22361 | Lair:4   | Offered knowledge of Iron Shot by Vehumet.
 22362 | Lair:4   | Reached skill level 9 in Fighting
 22362 | Lair:4   | Reached skill level 9 in Short Blades
 22362 | Lair:4   | Reached skill level 9 in Long Blades
 22362 | Lair:4   | Reached skill level 9 in Axes
 22362 | Lair:4   | Reached skill level 9 in Maces & Flails
 22362 | Lair:4   | Reached skill level 9 in Polearms
 22362 | Lair:4   | Reached skill level 9 in Staves
 22362 | Lair:4   | Reached skill level 9 in Ranged Weapons
 22362 | Lair:4   | Reached skill level 9 in Throwing
 22362 | Lair:4   | Reached skill level 9 in Armour
 22362 | Lair:4   | Reached skill level 9 in Shields
 22362 | Lair:4   | Reached skill level 9 in Unarmed Combat
 22362 | Lair:4   | Reached skill level 9 in Evocations
 22541 | Lair:4   | Reached skill level 10 in Stealth
 22863 | Lair:4   | Found a viscous altar of Jiyva.
 22863 | Lair:4   | Found a staircase to the Slime Pits.
 22873 | Lair:4   | Reached XP level 14. HP: 81/108 MP: 12/28
 23052 | Lair:4   | Reached skill level 8 in Conjurations
 23052 | Lair:4   | Reached skill level 10 in Invocations
 23510 | Lair:5   | Entered Level 5 of the Lair of Beasts
 23653 | Lair:5   | Found a runed translucent gate.
 23654 | Lair:5   | Found a runed translucent gate.
 23654 | Lair:5   | Found a runed translucent gate.
 23665 | Lair:5   | Noticed Vothry's ghost (journeyman FoFi)
 23665 | Lair:5   | Noticed Bedaoseg's ghost (journeyman SpHu)
 23754 | Lair:5   | Identified the +9 scimitar of Terrible Expedience {vamp,
                  | Str+4 Dex+4}
 24049 | Lair:5   | Learned a level 6 spell: Iron Shot
 24123 | Lair:5   | Noticed Josephine
 24127 | Lair:5   | Killed Josephine
 25663 | Lair:5   | Reached skill level 8 in Hexes
 25663 | Lair:5   | Reached skill level 8 in Summonings
 25663 | Lair:5   | Reached skill level 8 in Necromancy
 25663 | Lair:5   | Reached skill level 8 in Translocations
 25663 | Lair:5   | Reached skill level 8 in Transmutations
 25663 | Lair:5   | Reached skill level 8 in Fire Magic
 25663 | Lair:5   | Reached skill level 8 in Ice Magic
 25663 | Lair:5   | Reached skill level 8 in Earth Magic
 25663 | Lair:5   | Reached skill level 8 in Poison Magic
 26128 | Lair:5   | Noticed a broodmother
 26133 | Lair:5   | Killed a broodmother
 26349 | Lair:5   | Identified the staff of air "Yfriohuth" {rElec rPois rF+
                  | Str+3 Dex+3}
 26665 | Lair:5   | Found a corrupted altar of Lugonu.
 26665 | Lair:5   | Found a one-way gate to the infinite horrors of the Abyss.
 26915 | Shoals:1 | Entered Level 1 of the Shoals
 26994 | Shoals:1 | Reached skill level 11 in Spellcasting
 27177 | Shoals:1 | Reached skill level 10 in Fighting
 27360 | Shoals:1 | Found a frozen archway.
 27372 | Shoals:1 | Reached skill level 10 in Air Magic
 27455 | IceCv    | Entered an ice cave
 27565 | IceCv    | Reached skill level 10 in Short Blades
 27565 | IceCv    | Reached skill level 10 in Long Blades
 27565 | IceCv    | Reached skill level 10 in Axes
 27565 | IceCv    | Reached skill level 10 in Maces & Flails
 27565 | IceCv    | Reached skill level 10 in Polearms
 27565 | IceCv    | Reached skill level 10 in Staves
 27565 | IceCv    | Reached skill level 10 in Ranged Weapons
 27565 | IceCv    | Reached skill level 10 in Throwing
 27565 | IceCv    | Reached skill level 10 in Armour
 27565 | IceCv    | Reached skill level 11 in Dodging
 27565 | IceCv    | Reached skill level 10 in Shields
 27565 | IceCv    | Reached skill level 10 in Unarmed Combat
 27565 | IceCv    | Reached skill level 10 in Evocations
 28061 | IceCv    | Reached XP level 15. HP: 112/117 MP: 21/30
 28195 | IceCv    | Reached skill level 11 in Invocations
 28360 | IceCv    | Reached skill level 11 in Stealth
 29031 | IceCv    | Reached skill level 11 in Fighting
 29031 | IceCv    | Reached skill level 9 in Conjurations
 29239 | IceCv    | Noticed a frost giant
 29239 | IceCv    | Noticed a frost giant
 29335 | IceCv    | Noticed a frost giant
 29352 | IceCv    | Killed a frost giant
 29407 | IceCv    | Killed a frost giant
 29899 | IceCv    | Identified the ring "Etovol" {rC+ Dex+4}
 29899 | IceCv    | Noticed a frost giant
 29921 | IceCv    | Killed a frost giant
 29970 | IceCv    | Killed a frost giant
 30365 | IceCv    | Got the Reference Book on the Deep Freeze
 30572 | Lair:1   | Offered knowledge of Lee's Rapid Deconstruction by Vehumet.
 30692 | D:11     | Killed Lodul
 31081 | Orc:1    | Entered Level 1 of the Orcish Mines
 31081 | Orc:1    | Noticed Erolcha
 31096 | D:11     | Learned a level 7 spell: Ozocubu's Refrigeration
 31100 | Orc:1    | Killed Erolcha
 31218 | Orc:1    | You fall into a shaft and drop 1 floor!
 31218 | Orc:2    | Entered Level 2 of the Orcish Mines
 31228 | Orc:2    | Found a staircase to the Elven Halls.
 31274 | Orc:2    | Noticed an orc warlord
 31282 | Orc:2    | Killed an orc warlord
 31368 | Orc:1    | Reached skill level 9 in Hexes
 31368 | Orc:1    | Reached skill level 9 in Summonings
 31368 | Orc:1    | Reached skill level 9 in Necromancy
 31368 | Orc:1    | Reached skill level 9 in Translocations
 31368 | Orc:1    | Reached skill level 9 in Transmutations
 31368 | Orc:1    | Reached skill level 9 in Fire Magic
 31368 | Orc:1    | Reached skill level 9 in Ice Magic
 31368 | Orc:1    | Reached skill level 9 in Earth Magic
 31368 | Orc:1    | Reached skill level 9 in Poison Magic
 31630 | Orc:1    | Noticed Harold
 31639 | Orc:1    | Killed Harold
 32325 | Orc:2    | Noticed Urug
 32328 | Orc:2    | Killed Urug
 32329 | Orc:2    | Noticed Rupert
 32366 | Orc:2    | Noticed an orc warlord
 32373 | Orc:2    | Offered knowledge of Plasma Beam by Vehumet.
 32537 | Orc:2    | Noticed Nergalle
 32542 | Orc:2    | Killed Nergalle
 32542 | Orc:2    | Paralysed by Rupert for 4 turns
 32550 | Orc:2    | Killed Rupert
 32991 | Orc:2    | Killed an orc warlord
 33163 | Orc:2    | Reached skill level 12 in Fighting
 33448 | Orc:2    | Found Herul's Antique Armour Shoppe.
 33493 | Orc:2    | Found Cicill's Book Shoppe.
 33696 | Orc:2    | Found Teoraetih's General Store.
 33702 | Orc:2    | Bought a scroll of identify for 26 gold pieces
 33702 | Orc:2    | Bought a potion of curing for 39 gold pieces
 33712 | Orc:2    | Found Joynkai's Antique Weapon Shoppe.
 33822 | Orc:2    | Bought a pair of glowing boots for 217 gold pieces
 33822 | Orc:2    | Bought a pair of glowing gloves for 217 gold pieces
 33822 | Orc:2    | Bought an ichor-stained leather armour for 203 gold pieces
 33822 | Orc:2    | Identified the +2 leather armour of Duty {rF- Dex+3} (You
                  | bought it in a shop on level 2 of the Orcish Mines)
 33824 | Orc:2    | Bought a pair of runed boots for 217 gold pieces
 33913 | Orc:1    | Reached skill level 12 in Spellcasting
 33913 | Orc:1    | Reached XP level 16. HP: 127/127 MP: 20/32
 34014 | Orc:1    | Found Roym's Mass Market.
 34577 | D:12     | Reached skill level 11 in Short Blades
 34577 | D:12     | Reached skill level 11 in Long Blades
 34577 | D:12     | Reached skill level 11 in Axes
 34577 | D:12     | Reached skill level 11 in Maces & Flails
 34577 | D:12     | Reached skill level 11 in Polearms
 34577 | D:12     | Reached skill level 11 in Staves
 34577 | D:12     | Reached skill level 11 in Ranged Weapons
 34577 | D:12     | Reached skill level 11 in Throwing
 34577 | D:12     | Reached skill level 11 in Armour
 34577 | D:12     | Reached skill level 11 in Shields
 34577 | D:12     | Reached skill level 11 in Unarmed Combat
 34577 | D:12     | Reached skill level 11 in Evocations
 34975 | D:12     | Reached skill level 12 in Invocations
 35704 | D:12     | Reached skill level 12 in Dodging
 35983 | D:13     | Found a gate leading to a gauntlet.
 36030 | Gauntlet | Entered a Gauntlet
 36030 | Gauntlet | Found a transporter.
 36044 | Gauntlet | Found a transporter.
 36044 | Gauntlet | Found a transporter.
 36045 | Gauntlet | Found a transporter.
 36049 | Gauntlet | Found a runed translucent door.
 36050 | Gauntlet | Found a runed translucent door.
 36053 | Gauntlet | Found a transporter.
 36056 | Gauntlet | Found a transporter.
 36057 | Gauntlet | Found a transporter.
 36066 | Gauntlet | Found a transporter.
 36069 | Gauntlet | Found a transporter.
 36070 | Gauntlet | Found a transporter.
 36078 | Gauntlet | Found a transporter.
 36081 | Gauntlet | Found a transporter.
 36082 | Gauntlet | Found a transporter.
 36088 | Gauntlet | Found a runed translucent gate.
 36088 | Gauntlet | Found a runed translucent gate.
 36088 | Gauntlet | Found a runed translucent gate.
 36090 | Gauntlet | Found a transporter.
 36608 | Gauntlet | Identified the ring "Sacorittef" {rElec rN+ SInv}
 36662 | Gauntlet | Identified the +9 flail "Maloam" {drain, Drain MP+9 Str+6}
 36913 | D:13     | Reached skill level 12 in Stealth
 37361 | D:13     | Reached skill level 11 in Air Magic
 37380 | D:13     | Reached ****** piety under Vehumet
 37513 | D:13     | Offered knowledge of Spellforged Servitor by Vehumet.
 37522 | D:13     | Learned a level 7 spell: Spellforged Servitor
 38108 | D:13     | Found a gate to the Vaults.
 38453 | D:13     | Reached skill level 13 in Fighting
 38596 | D:13     | Reached skill level 10 in Conjurations
 38874 | D:14     | Found a hazy altar of Hepliaklqana.
 39080 | D:14     | Noticed Nessos
 39087 | D:14     | Killed Nessos
 39568 | D:15     | Entered Level 15 of the Dungeon
 40368 | D:14     | Reached XP level 17. HP: 137/137 MP: 10/33
 40537 | D:15     | Offered knowledge of Irradiate by Vehumet.
 40582 | D:15     | Found a radiant altar of Vehumet.
 40583 | D:15     | Identified 2 potions of resistance
 40865 | D:15     | Found a staircase to the Depths.
 40965 | D:15     | Found Hekimeg's General Store.
 40967 | D:15     | Found Todoehis's Specific Store.
 40975 | D:15     | Bought a scroll of identify for 30 gold pieces
 41446 | D:3      | Killed juan097's ghost
 41572 | D:4      | Killed greasedhog's ghost
 41717 | D:4      | Killed Sigmund
 42020 | D:10     | Killed oldriver's ghost
 42209 | D:10     | Reached skill level 10 in Hexes
 42209 | D:10     | Reached skill level 10 in Summonings
 42209 | D:10     | Reached skill level 10 in Necromancy
 42209 | D:10     | Reached skill level 10 in Translocations
 42209 | D:10     | Reached skill level 10 in Transmutations
 42209 | D:10     | Reached skill level 10 in Fire Magic
 42209 | D:10     | Reached skill level 10 in Ice Magic
 42209 | D:10     | Reached skill level 10 in Earth Magic
 42209 | D:10     | Reached skill level 10 in Poison Magic
 42853 | Shoals:1 | Found Pufub's Weapon Boutique.
 43095 | Shoals:1 | Identified the +4 scimitar of Terra Nullius {venom, rElec
                  | Str-3 Int+7 Stlth+}
 43902 | Shoals:2 | Identified the +0 falchion of Trial by Ordeal {freeze,
                  | rCorr Int+3}
 44042 | Shoals:2 | Found Qejosuej's Antique Weapon Shoppe.
 44804 | Shoals:2 | Reached skill level 13 in Invocations
 45222 | Shoals:2 | Reached skill level 12 in Short Blades
 45222 | Shoals:2 | Reached skill level 12 in Long Blades
 45222 | Shoals:2 | Reached skill level 12 in Axes
 45222 | Shoals:2 | Reached skill level 12 in Maces & Flails
 45222 | Shoals:2 | Reached skill level 12 in Polearms
 45222 | Shoals:2 | Reached skill level 12 in Staves
 45222 | Shoals:2 | Reached skill level 12 in Ranged Weapons
 45222 | Shoals:2 | Reached skill level 12 in Throwing
 45222 | Shoals:2 | Reached skill level 12 in Armour
 45222 | Shoals:2 | Reached skill level 12 in Shields
 45222 | Shoals:2 | Reached skill level 12 in Unarmed Combat
 45222 | Shoals:2 | Reached skill level 12 in Evocations
 45970 | Shoals:3 | Reached skill level 13 in Spellcasting
 45972 | Shoals:3 | Reached skill level 14 in Fighting
 46517 | Shoals:3 | Noticed Ilsuiw
 46524 | Shoals:3 | Reached skill level 13 in Dodging
 46920 | Shoals:3 | Killed Ilsuiw
 47314 | Shoals:3 | Noticed a kraken
 47328 | Shoals:3 | Killed a kraken
 47874 | Shoals:4 | Entered Level 4 of the Shoals
 47893 | Shoals:4 | Reached skill level 13 in Stealth
 48201 | Shoals:4 | Noticed Polyphemus
 48957 | Shoals:4 | HP: 13/140 [merfolk javelineer/javelin (19)]
 48964 | Shoals:4 | HP: 14/140 [merfolk javelineer/javelin (21)]
 48971 | Shoals:4 | HP: 11/140 [merfolk aquamancer/torrent of water (22)]
 48972 | Shoals:4 | HP: 2/140 [merfolk aquamancer/shard of ice (22)]
 48972 | Shoals:4 | Mangled by a sea snake

Vanquished Creatures
  Rupert (Orc:2)
  A kraken (Shoals:3)
  Ilsuiw (Shoals:3)
  4 frost giants (IceCv)
  2 orc warlords (Orc:2)
  A broodmother (shapeshifter) (Lair:5)
  Nessos (D:14)
  A white draconian (IceCv)
  3 minotaurs
  A dire elephant (D:15)
  An ettin (D:11)
  3 merfolk javelineers (Shoals:4)
  7 merfolk impalers
  Harold (Orc:1)
  3 ice dragons (IceCv)
  Josephine (Lair:5)
  2 hydras
  Erolcha (Orc:1)
  5 vault guards (D:13)
  2 catoblepae
  4 centaur warriors
  11 ironbound frosthearts (IceCv)
  An ogre mage (D:13)
  3 two-headed ogres
  4 merfolk aquamancers
  The ghost of oldriver the Fighter, a novice DrIE of Vehumet (D:10)
  2 alligator snapping turtles
  3 satyrs (Shoals:3)
  A dancing weapon (D:10)
  2 death scarabs (Gauntlet)
  A tengu warrior (D:13)
  5 boulder beetles
  10 death yaks
  3 thrashing horrors (Lair:5)
  Urug (Orc:2)
  2 orc high priests
  Nergalle (Orc:2)
  A skyshark (Shoals:3)
  9 skeletal warriors
  Amaemon (Lair:1)
  8 sea snakes
  Lodul (D:11)
  4 orange crystal statues
  5 harpies (Shoals:3)
  4 orc knights
  3 wizards
  A deep elf zephyrmancer (D:11)
  A large abomination (Lair:5)
  2 deep elf pyromancers
  Pikel (D:6)
  4 oklob plants (Lair:4)
  3 orc sorcerers
  A wolf spider (D:15)
  5 cyclopes
  8 fauns (Shoals:3)
  21 ugly things
  9 manticores
  Joseph (D:7)
  A guardian serpent (shapeshifter) (D:13)
  4 black mambas
  20 elephants
  A rust devil (Gauntlet)
  A water nymph (Shoals:4)
  5 merfolk sirens
  A black mamba (shapeshifter) (D:15)
  An orange demon (Lair:1)
  2 smoke demons (Lair:5)
  7 cane toads
  3 gargoyles
  4 unseen horrors
  Maggie (D:9)
  A kobold demonologist (D:12)
  8 rime drakes
  10 yaktaurs (D:13)
  9 komodo dragons
  2 tengu conjurers
  2 ancient zymes (Lair:5)
  4 trolls
  13 polar bears
  A meliai (shapeshifter) (D:15)
  5 wind drakes
  22 merfolk
  25 blink frogs
  10 dream sheep
  4 snapping turtles
  A spectral black mamba (Gauntlet)
  6 slime creatures
  A centaur simulacrum (D:15)
  10 small abominations (Lair:5)
  9 shadows
  Sigmund (D:4)
  2 spriggans (Lair:5)
  3 ynoxinuls
  8 water elementals
  9 wraiths
  A vampire (D:11)
  49 yaks
  3 wyverns
  The ghost of greasedhog the Poker, an amateur MfFi (D:4)
  A spectral komodo dragon (Gauntlet)
  A steam dragon (D:9)
  13 basilisks
  A redback (shapeshifter) (D:13)
  3 vampire mosquitoes (D:11)
  Menkaure (D:7)
  A chaos spawn (Lair:5)
  3 wargs
  3 nagas (Lair:2)
  4 water moccasins
  3 acid dragons
  Duvessa (D:7)
  A meliai simulacrum (D:14)
  4 black bears
  32 orc warriors
  An ice beast (D:8)
  3 wolves (Lair:2)
  16 ogres
  6 centaurs
  A phantom (D:4)
  9 bullfrogs
  2 kobold brigands
  3 gnoll sergeants
  2 scorpions (D:5)
  Dowan (D:7)
  4 electric eels
  4 howler monkeys
  3 lava snakes (Lair:1)
  The ghost of juan097 the Sneak, a weakling VSBr (D:3)
  8 hounds
  A jelly (D:8)
  26 orc priests
  8 gnoll boudas
  2 iron imps (Gauntlet)
  A sleepcap (D:5)
  Ijyb (D:4)
  7 iguanas
  28 orc wizards
  46 gnolls
  8 adders
  2 shadow imps
  2 white imps
  An ufetubus (D:6)
  2 dart slugs
  2 worms
  99 orcs
  9 endoplasms
  2 giant cockroaches (D:4)
  10 goblins
  5 hobgoblins
  5 jackals
  15 kobolds
  A quokka (D:3)
  11 ball pythons
  8 bats
  3 frilled lizards
  6 rats
  A butterfly (Lair:3)
909 creatures vanquished.

Vanquished Creatures (others)
  An unseen horror (D:11)
  A shadow imp (Gauntlet)
  13 fungi
  155 plants
  4 tentacles (Shoals:3)
  6 withered plants (Lair:5)
180 creatures vanquished.

Grand Total: 1089 creatures vanquished

Table legend: (Time is in decaauts)
 A = Elapsed time spent in this place.
 B = Non-inter-level travel time spent in this place.
 C = Inter-level travel time spent in this place.
 D = Time resting spent in this place.
 E = Time spent auto-exploring this place.
 F = Levels seen in this place.
 G = Mean time per level.
                   A        B        C        D        E       F      G
               +--------+--------+--------+--------+--------+-----+--------+
         Total |  48908 |  46344 |   2564 |   9624 |  29813 |  29 | 1686.5 |
       Dungeon |  24817 |  23249 |   1568 |   3874 |  16314 |  15 | 1654.5 |
        Temple |     12 |      6 |      6 |      0 |      0 |   1 |   12.0 |
          Lair |  10659 |  10018 |    641 |   1776 |   6670 |   5 | 2131.8 |
        Shoals |   6764 |   6623 |    141 |   2015 |   3621 |   4 | 1691.0 |
  Orcish Mines |   3019 |   2812 |    207 |    656 |   1726 |   2 | 1509.5 |
      Ice Cave |   2981 |   2981 |      0 |   1098 |   1344 |   1 | 2981.0 |
      Gauntlet |    654 |    654 |      0 |    205 |    138 |   1 |  654.0 |
               +--------+--------+--------+--------+--------+-----+--------+

Top non-repeatable levels by time:
    D:11: 3800 daAuts
  Lair:5: 3206 daAuts
   IceCv: 2981 daAuts
Shoals:3: 2478 daAuts
  Lair:1: 2370 daAuts
     D:6: 2315 daAuts
    D:10: 2127 daAuts
  Lair:2: 2051 daAuts
    D:13: 1986 daAuts
    D:12: 1955 daAuts
Shoals:2: 1920 daAuts
   Orc:2: 1855 daAuts
Shoals:1: 1774 daAuts
  Lair:4: 1730 daAuts
     D:8: 1618 daAuts

Table legend:
 A = Non-vault XP
 B = Vault XP
 C = Vault XP percentage of total XP
 D = Non-vault monster count
 E = Vault monster count
 F = Vault count percentage of total count
                 A         B        C        D         E       F
            +---------+---------+-------+---------+---------+-------
      Total |  115039 |  128248 |  52.7 |     527 |     383 |  42.1
            +---------+---------+-------+---------+---------+-------
        D:1 |      42 |       0 |   0.0 |      23 |       0 |   0.0
        D:2 |      58 |       0 |   0.0 |      15 |       0 |   0.0
        D:3 |      67 |     421 |  86.3 |      18 |      10 |  35.7
        D:4 |     217 |     521 |  70.6 |      19 |      11 |  36.7
        D:5 |     508 |      43 |   7.8 |      20 |       1 |   4.8
        D:6 |     461 |    1389 |  75.1 |      10 |      31 |  75.6
        D:7 |     807 |    1234 |  60.5 |      27 |       5 |  15.6
        D:8 |    1705 |       0 |   0.0 |      22 |       0 |   0.0
        D:9 |    1269 |     385 |  23.3 |      24 |       1 |   4.0
       D:10 |    3563 |    2393 |  40.2 |      28 |       5 |  15.2
       D:11 |    3914 |    8616 |  68.8 |      17 |      47 |  73.4
       D:12 |    9519 |       0 |   0.0 |      23 |       0 |   0.0
       D:13 |    4406 |   17071 |  79.5 |      10 |      44 |  81.5
       D:14 |    4416 |    1037 |  19.0 |      10 |       1 |   9.1
       D:15 |    9487 |    2063 |  17.9 |      20 |       3 |  13.0
     Lair:1 |    3624 |    4180 |  53.6 |      15 |      16 |  51.6
     Lair:2 |    8800 |    1427 |  14.0 |      27 |       8 |  22.9
     Lair:3 |    2689 |    1068 |  28.4 |      11 |       2 |  15.4
     Lair:4 |   11314 |    2845 |  20.1 |      30 |       8 |  21.1
     Lair:5 |    4044 |   14107 |  77.7 |      12 |      46 |  79.3
   Shoals:1 |    4895 |    3961 |  44.7 |      12 |       7 |  36.8
   Shoals:2 |    9435 |       0 |   0.0 |      22 |       0 |   0.0
   Shoals:3 |   22702 |    5506 |  19.5 |      44 |       8 |  15.4
   Shoals:4 |    1089 |   13350 |  92.5 |       3 |      19 |  86.4
      Orc:1 |    2844 |    2855 |  50.1 |      33 |      10 |  23.3
      Orc:2 |    3164 |   10336 |  76.6 |      32 |      39 |  54.9
      IceCv |       0 |   27171 | 100.0 |       0 |      42 | 100.0
   Gauntlet |       0 |    6269 | 100.0 |       0 |      19 | 100.0
            +---------+---------+-------+---------+---------+-------
